 Dungeon Crawl Stone Soup version 0.18.1-48-g4cf74bf (webtiles) character file.

128 nicanaca0 the Vexing (level 4, -1/21 HPs)
             Began as a Spriggan Enchanter on June 25, 2016.
             Was an Initiate of Vehumet.
             Slain by a worm (6 damage)
             ... on level 3 of the Dungeon.
             The game lasted 00:10:52 (3481 turns).

nicanaca0 the Vexing (Spriggan Enchanter)           Turns: 3481, Time: 00:10:52

Health: -1/21      AC:  3    Str:  4    XL:     4   Next: 87%
Magic:  3/9        EV: 18    Int: 17    God:    Vehumet [......]
Gold:   130        SH:  0    Dex: 16    Spells: 3 memorised, 2 levels left

rFire  . . .     SeeInvis +     a - +1 dagger
rCold  . . .     Gourm    .     b - +1 robe
rNeg   . . .     Faith    +     (shield restricted)
rPois  .         Spirit   .     (helmet restricted)
rElec  .         Dismiss  .     (no cloak)
rCorr  .         Reflect  .     (gloves unavailable)
SustAt .         Harm     .     (boots unavailable)
MR     .....                    j - amulet of faith
Stlth  +++.......               (no ring)
                                l - ring of wizardry

@: very slightly contaminated, very quick, not resistant to hostile
enchantments, fairly stealthy
A: unfitting armour, see invisible, herbivore 3, speed 3, slow metabolism 2
a: Renounce Religion


You were on level 3 of the Dungeon.
You worshipped Vehumet.
Vehumet was noncommittal.
You were full.

You visited 1 branch of the dungeon, and saw 3 of its levels.

You collected 130 gold pieces.

Inventory:

Hand Weapons
 a - a +1 dagger (weapon)
 t - a +0 hunting sling
Missiles
 h - 159 stones (quivered)
 i - 59 arrows
Armour
 b - a +1 robe (worn)
Jewellery
 j - an amulet of faith (around neck)
 l - a ring of wizardry (left hand)
Wands
 s - a wand of enslavement (12/24)
Scrolls
 e - 3 scrolls of identify {unknown}
 f - 3 scrolls of random uselessness {unknown}
 g - 3 scrolls of immolation {unknown}
 k - 2 scrolls of remove curse {unknown}
 m - 2 scrolls of recharging {unknown}
 o - a scroll of fog {unknown}
Potions
 n - a potion of invisibility {unknown}
 p - a potion of curing {unknown}
 r - a potion of flight {unknown}
Books
 c - a book of Maledictions

   Spells                             Type                      Level
   a - Corona                         Hexes                        1
   b - Ensorcelled Hibernation        Hexes/Ice                    2
   c - Confuse                        Hexes                        3
   d - Tukima's Dance                 Hexes                        3
   e - Dazzling Spray                 Conjuration/Hexes            3
 q - a book of Clouds

   Spells                             Type                      Level
   a - Mephitic Cloud                 Conjuration/Poison/Air       3
   b - Conjure Flame                  Conjuration/Fire             3
   c - Poisonous Cloud                Conjuration/Poison/Air       6
   d - Freezing Cloud                 Conjuration/Ice/Air          6
   e - Ring of Flames                 Charms/Fire                  7


   Skills:
 * Level 4.4 Short Blades
 - Level 3.0 Dodging
 + Level 4.6 Stealth
 - Level 2.6 Spellcasting
 - Level 4.6 Hexes


You had 2 spell levels left.
You knew the following spells:

 Your Spells              Type           Power        Failure   Level  Hunger
c - Confuse               Hex            ###.....     4%          3    ###....
x - Ensorcelled Hibernat  Hex/Ice        ##....       6%          2    ##.....
z - Corona                Hex            ###....      1%          1    #......


Dungeon Overview and Level Annotations

Branches:
Dungeon (3/15)

Altars:
Vehumet


Innate Abilities, Weirdness & Mutations

You are tiny and cannot use many weapons and most armour.
You have supernaturally acute eyesight.
You are a herbivore.
You cover ground extremely quickly.
You need consume almost no food.


Message History

You hit the worm.
The worm is moderately wounded.
Casting: Ensorcelled Hibernation
Confirm with . or Enter, or press ? or * to list all spells.
Aiming: Ensorcelled Hibernation
Press: ? - help, Shift-Dir - straight line, f/p - worm
Aim: a worm (moderately wounded, chance to defeat MR: 50%)
The worm resists with some effort.
The worm barely misses you.
You barely miss the worm.
The worm is moderately wounded.
Casting: Ensorcelled Hibernation
Confirm with . or Enter, or press ? or * to list all spells.
Aiming: Ensorcelled Hibernation
Press: ? - help, Shift-Dir - straight line, f/p - worm
Aim: a worm (moderately wounded, chance to defeat MR: 50%)
You miscast Ensorcelled Hibernation.
You are very lightly contaminated with residual magic.
Wisps of condensation drift from your hands.
The worm bites you.
You die...

#########
#..[....#
#.#####.# #.#
#.#############
#.#
#..............
#.#
#.#############
#.#####.#
#..w....#
####@##### ####
#.###.## #...
#.##.#.########.##
#...###...........
####.#.####>###.##
##.## #.# #.# #.#
#.# #.# #.# #.#
#.# #.# #.# #.#


You could see a worm.

Vanquished Creatures
  Jessica (D:2)
  3 adders (D:2)
  2 oozes (D:2)
  3 worms (D:2)
  A dart slug (D:2)
  2 giant geckos (D:1)
  3 giant cockroaches
  6 goblins
  3 hobgoblins
  7 kobolds
  11 bats
  4 giant newts
  14 rats
60 creatures vanquished.

Notes
Turn   | Place    | Note
--------------------------------------------------------------
     0 | D:1      | nicanaca0 the Spriggan Enchanter began the quest for the Orb.
     0 | D:1      | Reached XP level 1. HP: 9/9 MP: 5/5
   274 | D:1      | Reached XP level 2. HP: 13/13 MP: 6/6
   287 | D:1      | Learned a level 2 spell: Ensorcelled Hibernation
  1030 | D:2      | Reached XP level 3. HP: 16/16 MP: 8/8
  1061 | D:2      | Noticed Jessica
  1533 | D:2      | Killed Jessica
  1740 | D:2      | Reached XP level 4. HP: 8/21 MP: 6/9
  2130 | D:2      | Learned a level 3 spell: Confuse
  3385 | D:3      | Found a radiant altar of Vehumet.
  3399 | D:3      | Became a worshipper of Vehumet
  3481 | D:3      | Slain by a worm

Skill      XL: |  1  2  3  4 |
---------------+-------------+-----
Short Blades   | 2 3 4 |  4.4
Hexes          | 4 |  4.6
Dodging        | |  3.0
Stealth        | |  4.6
Spellcasting   | |  2.6

Action                   |  1- 3 |  4- 6 || total
-------------------------+-------+-------++-------
Melee: Dagger            |   111 |    82 ||   193
Throw: Stone             |     2 |     4 ||     6
 Cast: Ensorcelled Hiber |     3 |    10 ||    13
 Stab: Sleeping          |    17 |    12 ||    29
  Eat: Bread ration      |       |     1 ||     1
Armor: Robe              |    26 |     6 ||    32
Dodge: Dodged            |   133 |    41 ||   174
